Map: Ruins of Seras

Players

Bop - Winner!

  • Race: Zerg Zerg

Blisk

  • Race: Zerg Zerg

VOD

Have the link to the VOD?

Description

Time

  • Played on: May 2, 2015, 4:59 a.m.
  • Length: 9:05
Show
View Real Time Build Order
Export as new Build Order

Bop Zerg - Winner!

Build Orders: Hatch First, Lurkers, Zergling Baneling 

Get SALT Encoding   

  12  0:01  Drone  
  13  0:08  Drone  
  14  0:18  Overlord  
  14  0:26  Drone, Extractor  
  14  0:28  Extractor  
  13  0:29  Drone  
  16  0:36  Drone  
  17  0:44  Drone  
  18  0:57  Hatchery  
  18  1:00  Drone  
  18  1:05  Extractor  
  17  1:15  Spawning Pool  
  16  1:18  Drone  
  16  1:22  Drone  
  18  1:30  Drone  
  19  1:39  Drone  
  20  2:03  Queen  
  20  2:06  Metabolic Boost  
  20  2:08  Queen  
  22  2:10  Zergling x4  
  22  2:12  Overlord  
  26  2:19  Drone x2  
  28  2:27  Baneling Nest  
  27  2:31  Drone x2  
  29  2:37  Drone  
  30  2:54  Queen  
  30  2:55  Drone x4  
  36  3:03  Overlord  
  36  3:11  Baneling x2  
  36  3:18  Zergling x2  
  36  3:20  Overlord  
  36  3:23  Zergling x12  
  42  3:30  Zergling x4  
  44  3:39  Zergling x4  
  46  3:42  Zergling x2  
  45  3:52  Zergling x12  
  46  4:06  Zergling x10  
  50  4:18  Zergling x4  
  50  4:22  Overlord  
  48  4:29  Lair  
  48  4:31  Zergling x2  
  49  4:37  Zergling x2  
  50  4:38  Baneling x5  
  50  4:39  Baneling x3  
  50  4:43  Overlord x2  
  48  4:51  Zergling x2  
  48  4:59  Zergling x12  
  53  5:08  Zergling x8  
  49  5:31  Zergling x6  
  49  5:32  Zergling x4  
  51  5:38  Hydralisk Den, Extractor x2  
  47  5:45  Drone x6  
  52  5:59  Drone x2  
  54  6:07  Spine Crawler, Lurker Den, Overseer  
  53  6:14  Zergling x10  
  57  6:24  Overlord x2  
  57  6:31  Drone x2  
  59  6:39  Extractor  
  58  6:44  Hatchery, Hydralisk  
  58  6:45  Hydralisk  
  61  6:53  Hydralisk x3  
  52  7:18  Hydralisk x5  
  52  7:20  Zergling x4  
  61  7:29  Drone x4  
  62  7:44  Lurker x2  
  63  7:52  Extractor  
  63  7:53  Extractor  
  61  7:59  Drone x3  
  61  8:00  Drone x2  
  61  8:01  Drone  
  67  8:10  Drone x2  
  67  8:11  Lurker  
  67  8:12  Lurker x2  
  72  8:13  Overlord x2  
  72  8:24  Zergling x10  
  72  8:26  Lurker  
  72  8:27  Lurker  
  79  8:39  Lurker  
  79  8:41  Zergling x10  
  83  8:47  Overlord  
Show
View Real Time Build Order
Export as new Build Order

Blisk Zerg 

Build Orders: Hatch First, Zergling Baneling 

Get SALT Encoding   

  12  0:01  Drone  
  13  0:08  Drone  
  14  0:17  Overlord  
  14  0:36  Drone x2  
  14  0:37  Drone  
  17  0:49  Drone  
  18  0:57  Hatchery  
  18  0:58  Drone  
  18  1:05  Extractor  
  18  1:11  Drone  
  18  1:17  Spawning Pool  
  17  1:21  Drone  
  18  1:30  Drone  
  19  1:42  Overlord  
  19  1:59  Drone  
  20  2:04  Queen  
  20  2:05  Zergling x2  
  20  2:08  Metabolic Boost  
  23  2:10  Queen  
  23  2:13  Drone x2  
  27  2:25  Drone  
  27  2:26  Drone  
  29  2:37  Baneling Nest  
  29  2:38  Zergling x4  
  29  2:42  Zergling x2  
  31  2:51  Zergling x2  
  32  3:04  Zergling x2  
  32  3:05  Zergling x4  
  32  3:23  Zergling x8  
  32  3:27  Overlord x3  
  36  3:38  Baneling x6  
  36  3:47  Zergling x2  
  36  3:48  Zergling x10  
  35  4:05  Zergling x16  
  42  4:11  Baneling x3  
  42  4:12  Baneling  
  42  4:20  Drone x2  
  43  4:39  Zergling x8  
  43  4:50  Drone x8  
  49  4:59  Baneling  
  49  5:00  Baneling x2  
  49  5:03  Roach Warren  
  45  5:29  Zergling x16  
  45  5:31  Baneling x6  
  50  5:53  Roach x3  
  50  5:55  Overlord  
  56  5:58  Overlord, Extractor  
  56  5:59  Extractor  
  54  6:16  Roach x2  
  52  6:35  Roach x3  
  58  6:46  Drone x7  
  65  6:56  Lair  
  65  6:58  Drone x2  
  65  6:59  Hatchery  
  57  7:20  Roach x6  
  68  7:32  Overlord x3  
  68  7:36  Queen  
  54  7:47  Roach x7  
  68  7:54  Overseer  
  68  8:00  Roach  
  68  8:01  Roach x3  
  68  8:03  Zergling x8  
  80  8:10  Overlord  
  80  8:23  Zergling x2  
  80  8:24  Zergling x8  
  85  8:33  Baneling  
  85  8:34  Baneling x7  
  85  8:37  Roach  
Tags
 
Add a new tag
Caveats
  • Supply blocks, unpowered buildings, or Contaminate may cause inaccurate times.
  • Supply counts are checked every 10 seconds.